 Dungeon Crawl Stone Soup version 0.23-a0-396-g5214e5f (webtiles) character file.

40 galech the Skirmisher (level 3, -4/29 HPs)
             Began as a Demonspawn Fighter on Nov 2, 2018.
             Slain by Natasha (8 damage)
             ... on level 2 of the Dungeon.
             The game lasted 00:00:57 (894 turns).

galech the Skirmisher (Demonspawn Fighter)           Turns: 894, Time: 00:00:58

Health: -4/29      AC:  7    Str: 16    XL:     3   Next: 30%
Magic:  3/3        EV:  6    Int:  9    God:
Gold:   70         SH:  9    Dex: 13    Spells: 2/2 levels left

rFire    . . .     SeeInvis .   a - +0 war axe
rCold    . . .     Gourm    .   c - +0 shield
rNeg     . . .     Faith    .   b - +0 scale mail
rPois    .         Spirit   .   (no helmet)
rElec    .         Reflect  .   (no cloak)
rCorr    .         Harm     .   (no gloves)
MR       .....                  (no boots)
Stlth    ..........             (no amulet)
HPRegen  0.09/turn              (no ring)
MPRegen  0.08/turn              (no ring)

@: slowed, very slow
A: claws 1, rugged brown scales 1
a: no special abilities


You were on level 2 of the Dungeon.
You were not hungry.

You visited 1 branch of the dungeon, and saw 2 of its levels.

You collected 70 gold pieces.

Inventory:

Hand Weapons
 a - a +0 war axe (weapon)
Armour
 b - a +0 scale mail (worn)
 c - a +0 shield (worn)
Scrolls
 e - 2 scrolls of enchant weapon {unknown}
 g - a scroll of teleportation {unknown}
 h - a scroll of identify {unknown}
 j - a scroll of amnesia {unknown}
 l - a scroll of immolation {unknown}
Potions
 d - a potion of might
 k - a potion of invisibility {unknown}
Comestibles
 f - 2 rations
 i - a chunk of flesh


   Skills:
 + Level 3.3 Fighting
 + Level 2.3 Axes
 + Level 3.1 Armour
 + Level 3.0 Shields


You had 2 spell levels left.
You didn't know any spells.
Your spell library was empty.

Dungeon Overview and Level Annotations

Branches:
Dungeon (2/15)

Altars:

Annotations:
D:2 Natasha


Innate Abilities, Weirdness & Mutations

You have sharp fingernails.
You are partially covered in rugged brown scales. (AC +1, +3% HP)


Message History

The iron imp summons a swarm of flies.
The iron imp barely misses you.
You hit Natasha but do no damage.
Natasha is moderately wounded.
You closely miss the iron imp. Natasha claws you.
* * * LOW HITPOINT WARNING * * *
You block the iron imp's attack. Natasha barely misses you.
You closely miss Natasha.
Natasha is moderately wounded.
You hit the iron imp.
The iron imp hits you but does no damage.
Natasha casts a spell.
The iron imp hits you.
* * * LOW HITPOINT WARNING * * *
Natasha stares at you and mumbles some strange words.
You feel yourself slow down.
You closely miss Natasha.
Natasha is moderately wounded.
You hit the iron imp. Natasha claws you!
You die...

######
#....
..... #
#...###.
#......
#..5.#
#h†5#
#.@.#
#$..#
#...#
#..<#
#####


You could see an iron imp, Natasha and a shadow imp.

Vanquished Creatures
  3 dart slugs (D:1)
  3 bats (D:1)
  A giant cockroach (D:1)
  5 goblins (D:1)
  4 hobgoblins (D:1)
  5 jackals
  3 frilled lizards
  2 kobolds (D:1)
  5 rats (D:1)
31 creatures vanquished.

Notes
Turn   | Place    | Note
-------+----------+-------------------------------------------
     0 | D:1      | galech the Demonspawn Fighter began the quest for the Orb.
     0 | D:1      | Reached XP level 1. HP: 18/18 MP: 1/1
    57 | D:1      | Gained mutation: You are partially covered in rugged brown
                  | scales. (AC +1, +3% HP) [demonic ancestry]
    57 | D:1      | Reached XP level 2. HP: 17/24 MP: 2/2
   610 | D:1      | Gained mutation: You have sharp fingernails. [demonic
                  | ancestry]
   610 | D:1      | Reached XP level 3. HP: 29/29 MP: 3/3
   883 | D:2      | Noticed Natasha
   894 | D:2      | Slain by Natasha

Vault maps used:
D:1:      minmay_arrival_diagonal_passages
D:2:      st_stairs_8, uniq_natasha, uniq_robin

Skill      XL: |  1  2  3 |
---------------+----------+-----
Axes           | 2 |  2.3
Armour         | 3 |  3.1
Shields        | 3 |  3.0
Fighting       | |  3.3

Action                   || total
-------------------------++-------
Melee: War axe           ||    99
Armor: Scale mail        ||    60
Dodge: Dodged            ||    42
Block: Shield            ||    50

Table legend:
 A = Non-vault XP
 B = Vault XP
 C = Vault XP percentage of total XP
 D = Non-vault monster count
 E = Vault monster count
 F = Vault count percentage of total count
                 A         B        C        D         E       F
            +---------+---------+-------+---------+---------+-------
      Total |      58 |       0 |   0.0 |      31 |       0 |   0.0
            +---------+---------+-------+---------+---------+-------
        D:1 |      51 |       0 |   0.0 |      27 |       0 |   0.0
        D:2 |       7 |       0 |   0.0 |       4 |       0 |   0.0
            +---------+---------+-------+---------+---------+-------
